 Dungeon Crawl Stone Soup version 0.30-a0-390-g80c34de65d (webtiles) character file.

Game seed: 868406222731436407

10086 cowcol the Carver (level 11, 0/141 HPs)
             Began as a Green Draconian Berserker on Dec 4, 2022.
             Was a High Priest of Trog.
             Slain by a warg (12 damage)
             ... on level 11 of the Dungeon.
             The game lasted 00:34:36 (11400 turns).

cowcol the Carver (Green Draconian Berserker)      Turns: 11400, Time: 00:34:37

Health: 0/141      AC:  7    Str: 22    XL:     11   Next: 31%
Magic:  11/11      EV: 14    Int: 11    God:    Trog [*****.]
Gold:   847        SH:  0    Dex: 12    Spells: 10/10 levels left

rFire   + + .      SeeInvis .    g - +4 long sword "Duitren" {spect, rF++ Int+3}
rCold   . . .      Faith    .    (no shield)
rNeg    . . .      Spirit   .    (body armour unavailable)
rPois   +          Reflect  .    (helmet restricted)
rElec   .          Harm     .    D - +0 cloak
rCorr   +          Rampage  .    B - +1 Delatra's gloves {ID++}
Will    .....                    J - +0 pair of boots
Stlth   ..........               x - amulet of regeneration
HPRegen 1.23/turn                j - ring of resist corrosion
MPRegen 0.12/turn                (no ring)

@: confused, berserking, corroded, very quick
A: breathe noxious fumes, AC +7, unfitting armour, poison resistance,
cold-blooded
a: Breathe Noxious Fumes, Renounce Religion, Berserk, Trog's Hand, Brothers in
Arms


You were on level 11 of the Dungeon.
You worshipped Trog.
Trog was extremely pleased with you.
You visited 1 branch of the dungeon, and saw 11 of its levels.

You collected 847 gold pieces.

Inventory:

Hand Weapons
 a - a +1 hand axe
 f - a +2 quarterstaff of speed
 g - the +4 long sword "Duitren" (weapon) {spect, rF++ Int+3}
   (You took it off a kobold on level 4 of the Dungeon)

   When its wielder attacks, the weapon's spirit leaps out and strikes again.
   The spirit shares a part of any damage it takes with its wielder.
   Int:       It affects your intelligence (+3).
   rF:        It greatly protects you from fire.
 i - a +0 short sword
 l - a +0 whip
 p - a +0 giant spiked club
 t - a +1 battleaxe
 u - a +0 great mace
 v - a +1 flail of protection
 y - a +3 quarterstaff of chaos
 G - a +4 short sword of freezing
 H - a +2 dire flail
 I - a +0 hand axe of flaming
 S - a +5 vorpal great sword
Missiles
 c - a throwing net
 h - 26 poisoned darts (quivered)
 A - 2 silver boomerangs
Armour
 B - the +1 Delatra's gloves (worn) {ID++}
   (You found it on level 4 of the Dungeon)

   It heals its wearer when they drink unknown potions.
   It restores its wearer's MP when they read unknown scrolls.
 D - a +0 cloak (worn)
 J - a +0 pair of boots (worn)
Jewellery
 j - a ring of resist corrosion (left hand)
 x - an amulet of regeneration (around neck)
Wands
 m - a wand of digging (4)
 K - a wand of flame (36)
 L - a wand of iceblast (8)
 Q - a wand of charming (5)
Scrolls
 n - 6 scrolls of teleportation
 q - a scroll of fear
 r - 2 scrolls of magic mapping
 C - 3 scrolls of blinking
 E - 2 scrolls of brand weapon {unknown}
 M - a scroll of summoning
 P - a scroll of silence
 R - a scroll of torment {unknown}
Potions
 b - 8 potions of curing {unknown}
 d - a potion of haste {unknown}
 e - 3 potions of lignification {unknown}
 k - 3 potions of heal wounds
 o - 2 potions of attraction {unknown}
 s - 2 potions of mutation {unknown}
 w - a potion of cancellation {unknown}
 z - a potion of resistance
 F - a potion of berserk rage {unknown}
 N - 2 potions of magic {unknown}
 O - a potion of might


   Skills:
 + Level 8.0 Fighting
 + Level 12.1 Long Blades
 * Level 8.1 Axes
 + Level 2.0 Throwing
 + Level 6.3 Dodging
 + Level 5.1 Stealth


You had 10 spell levels left.
You didn't know any spells.
Your spell library was empty.

Dungeon Overview and Level Annotations

Branches:
Dungeon (11/15)            Temple (0/1) D:5            Lair (0/5) D:11
    Orc: D:9-12

Altars:
Cheibriados
Dithmenos
Elyvilon
Fedhas

Shops:
D:4 !   D:11 =


Innate Abilities, Weirdness & Mutations

You can breathe blasts of noxious fumes.
Your lurid green scales are hard. (AC +7)
You cannot fit into any form of body armour.
Your system is resistant to poisons. (rPois)
You are cold-blooded and may be slowed by cold attacks.


Message History

Something bites you.
* * * LOW HITPOINT WARNING * * *
Something draws strength from your injuries!
The orc priest misses you.
You slash the orc priest!
You kill the orc priest!
Trog accepts your kill. Something barely misses you.
Something bites you but does no damage.
You hit something. You tail-slap something.
Your +4 long sword "Duitren" {spect, rF++ Int+3} closely misses something.
A red film seems to cover your vision as you go berserk!
You feel yourself moving faster!
You feel mighty! Something hits you but does no damage.
You hear some strange, mumbled words.
You are confused.
You hit something.
Your +4 long sword "Duitren" {spect, rF++ Int+3} barely misses something.
You hear some strange, mumbled words.
A puff of flame appears from out of thin air!
The puff of flame hits you. You resist.
* * * LOW HITPOINT WARNING * * *
Something hits you!
* * * LOW HITPOINT WARNING * * *
Something bites you.
* * * LOW HITPOINT WARNING * * *
Something draws strength from your injuries!
You slash something! Trog accepts your kill.
Trog appreciates your killing of a magic user.
Reactivating autopickup.
You feel a bit more experienced. Something hits you but does no damage.
Deactivating autopickup; reactivate with Ctrl-A.
Something bites you but does no damage.
You are too berserk!
Unknown command.
You hit the warg.
Your tail-slap misses the warg.
The warg is lightly wounded.
Your +4 long sword "Duitren" {spect, rF++ Int+3} completely misses the warg.
The warg bites you!
You die...

#.....#....# .......
+..... ....... #.....
....>.. #..### .......
#..... ....... #.....
....... #### #.....
#....o####..#######.....
#h@....#...).'.....
#(ยง{...#.....#.....
#......'.....#.....
#...##.#.....#.....
+...##.#.....#.....
#...##.#.....#.....
#../...#######.....
#....... ...... #.......


You could see a warg, an orc and a friendly +4 long sword "Duitren" {spect, rF++
Int+3} (summoned).

Vanquished Creatures
  2 two-headed ogres
  A manticore (D:7)
  A kobold demonologist (D:7)
  A gargoyle (D:7)
  2 trolls
  Prince Ribbit (D:6)
  Sigmund (D:6)
  A shadow (D:9)
  A wraith (D:8)
  A wyvern (D:8)
  Eustachio (D:6)
  9 yaks (D:10)
  A warg (D:11)
  A steam dragon (D:9)
  An acid dragon (D:11)
  A water moccasin (D:5)
  2 black bears
  3 orc warriors
  4 ice beasts
  3 sky beasts
  An ogre (D:3)
  5 centaurs
  A phantom (D:5)
  3 kobold brigands
  4 bullfrogs
  3 necrophages
  6 scorpions
  3 wights (D:6)
  18 killer bees
  3 howler monkeys
  4 hounds
  Crazy Yiuf (D:4)
  3 orc priests
  A gnoll bouda (D:7)
  6 iguanas
  A jelly (D:5)
  16 orc wizards
  8 gnolls
  5 adders
  2 shadow imps
  3 white imps
  2 worms
  4 dart slugs
  39 orcs
  4 ball pythons
  4 bats
  6 endoplasms
  A giant cockroach (D:2)
  6 goblins
  10 hobgoblins
  4 jackals (D:4)
  4 quokkas
  4 frilled lizards
  18 kobolds
  2 rats
243 creatures vanquished.

Vanquished Creatures (others)
  A plant (D:7)
1 creature vanquished.

Grand Total: 244 creatures vanquished

Notes
Turn   | Place    | Note
-------+----------+-------------------------------------------
     0 | D:1      | cowcol the Draconian Berserker began the quest for the Orb.
     0 | D:1      | Reached XP level 1. HP: 19/19 MP: 1/1
   185 | D:1      | Reached XP level 2. HP: 25/26 MP: 2/2
   850 | D:2      | Reached XP level 3. HP: 33/33 MP: 3/3
  1401 | D:2      | Reached ** piety under Trog
  1443 | D:2      | Found a blossoming altar of Fedhas.
  2099 | D:3      | Found a snail-covered altar of Cheibriados.
  2263 | D:3      | Noticed an ogre
  2271 | D:3      | Killed an ogre
  2272 | D:3      | Reached XP level 4. HP: 40/40 MP: 4/4
  2309 | D:3      | Found a shadowy altar of Dithmenos.
  2478 | D:3      | Reached XP level 5. HP: 46/46 MP: 5/5
  2643 | D:3      | Reached skill level 1 in Stealth
  2904 | D:3      | Found a faded altar of an unknown god.
  3197 | D:4      | Reached skill level 5 in Axes
  3208 | D:4      | Identified the +4 long sword "Duitren" {spect, rF++ Int+3}
  3337 | D:4      | Found Caot's Distillery.
  3344 | D:4      | You fall into a shaft and drop 1 floor!
  3344 | D:5      | Entered Level 5 of the Dungeon
  3388 | D:5      | Reached XP level 6. HP: 50/53 MP: 6/6
  3409 | D:5      | Found a staircase to the Ecumenical Temple.
  3428 | D:5      | Reached skill level 1 in Long Blades
  3473 | D:5      | Noticed a water moccasin
  3473 | D:5      | Noticed an ice beast
  3480 | D:5      | Killed a water moccasin
  3481 | D:5      | Reached skill level 1 in Throwing
  3481 | D:5      | Killed an ice beast
  3482 | D:5      | Reached skill level 2 in Long Blades
  3482 | D:5      | Your scales start taking on a lurid green colour.
  3482 | D:5      | Reached XP level 7. HP: 60/60 MP: 7/7
  3482 | D:5      | Gained mutation: Your system is resistant to poisons.
                  | (rPois) [Green Draconian growth]
  3533 | D:5      | Reached *** piety under Trog
  3540 | D:5      | Reached skill level 3 in Long Blades
  3594 | D:5      | Reached skill level 5 in Fighting
  3710 | D:5      | Reached skill level 4 in Long Blades
  3947 | D:5      | Reached XP level 8. HP: 51/68 MP: 8/8
  4158 | D:4      | Found a runed translucent door.
  4159 | D:4      | Noticed Crazy Yiuf
  4451 | D:4      | Reached skill level 5 in Long Blades
  4632 | D:4      | Found the +1 Delatra's gloves {ID++}
  4825 | D:4      | Reached skill level 6 in Long Blades
  5431 | D:4      | Killed Crazy Yiuf
  6066 | D:6      | Noticed a two-headed ogre
  6073 | D:6      | Killed a two-headed ogre
  6074 | D:6      | Reached skill level 7 in Long Blades
  6074 | D:6      | Reached XP level 9. HP: 74/74 MP: 9/9
  6277 | D:6      | Noticed Prince Ribbit
  6291 | D:6      | Killed Prince Ribbit
  6292 | D:6      | Reached skill level 8 in Long Blades
  6358 | D:6      | Noticed Sigmund
  6365 | D:6      | Killed Sigmund
  6450 | D:6      | Reached skill level 9 in Long Blades
  6600 | D:6      | Noticed Eustachio
  6609 | D:6      | Killed Eustachio
  6629 | D:6      | Reached **** piety under Trog
  6804 | D:6      | Reached skill level 5 in Dodging
  6834 | D:6      | Reached skill level 10 in Long Blades
  7053 | D:7      | Reached XP level 10. HP: 84/84 MP: 10/10
  7276 | D:7      | Identified the +1 robe of the Moon {+Inv rN+}
  8162 | D:7      | Noticed a gargoyle
  8162 | D:7      | Noticed a manticore
  8182 | D:7      | Killed a manticore
  8503 | D:7      | Killed a gargoyle
  8836 | D:8      | Reached skill level 11 in Long Blades
  9089 | D:8      | Identified the +1 chain mail of Insatiable Hunger {Int+3}
  9723 | D:9      | Noticed a two-headed ogre
  9730 | D:9      | Killed a two-headed ogre
  9792 | D:9      | Reached ***** piety under Trog
  9866 | D:9      | Found a white marble altar of Elyvilon.
 10074 | D:9      | Reached XP level 11. HP: 92/92 MP: 11/11
 10278 | D:10     | Entered Level 10 of the Dungeon
 10823 | D:10     | Received a gift from Trog
 10824 | D:10     | Reached skill level 12 in Long Blades
 11254 | D:11     | Reached skill level 5 in Stealth
 11279 | D:11     | Found Qoec's Jewellery Shoppe.
 11362 | D:11     | Found a staircase to the Lair.
 11400 | D:11     | Slain by a warg

Illustrated notes

Levels and vault maps discovered:
D:1:      evilmike_arrival_fibonacci_small, layout_basic, minmay_ruptured
D:2:      layout_basic, basic_altar
D:3:      layout_loops_ring, mainiacjoe_overflow_large_starburst,
          hellmonk_ecumenical_altar_inner_sanctum
D:4:      cheibrodos_quashed, layout_layer_cave, serial_shops,
          nicolae_diamond_shop, pf_guarded_unrand_delatra,
          uniq_crazy_yiuf_cottage
D:5:      layout_basic, minmay_temple_entry_junction
D:6:      minmay_bubble_buster, layout_cave_pools, uniq_sigmund,
          uniq_prince_ribbit1, uniq_eustachio
D:7:      layout_basic, minmay_shattered_shrine
D:8:      layout_basic, st_stairs_12
D:9:      layout_cave_pools, elyvilon_altar_3, hangedman_decor_riveting
D:10:     layout_rooms, serial_rivers, chequers_serial_rivers_small_3,
          chequers_serial_rivers_micro_e, chequers_serial_rivers_micro_e,
          chequers_serial_rivers_marsh, chequers_serial_rivers_marsh,
          chequers_serial_rivers_small_b
D:11:     layout_stronghold, erik_lair_orcish_takeover, serial_shops, shop_coins

Skill      XL: |  1  2  3  4  5  6  7  8  9 10 11 |
---------------+----------------------------------+-----
Dodging        | 3 4 5 6 |  6.3
Fighting       | 4 5 6 7 8 |  8.0
Axes           | 4 5 6 7 8 |  8.1
Stealth        | 1 2 3 4 5 |  5.1
Long Blades    | 2 4 7 10 11 12 | 12.1
Throwing       | 1 2 |  2.0

Action                   |  1- 3 |  4- 6 |  7- 9 | 10-12 || total
-------------------------+-------+-------+-------+-------++-------
Melee: Hand axe          |   122 |    13 |       |       ||   135
       Tailslap          |     7 |     6 |    22 |    21 ||    56
       Battleaxe         |       |    35 |       |       ||    35
       Long sword        |       |    12 |   146 |   223 ||   381
       Punch             |       |       |     3 |     2 ||     5
Throw: Dart              |     6 |     5 |     5 |    10 ||    26
Invok: Berserk           |     2 |     3 |     4 |     4 ||    13
 Abil: Breathe Noxious F |       |       |       |     1 ||     1
  Use: Scroll            |     7 |     4 |     1 |     2 ||    14
 Stab: Sleeping          |       |     1 |     2 |     6 ||     9
       Distracted        |       |       |       |     1 ||     1
Armor: Skin              |    38 |    19 |    46 |    69 ||   172
Dodge: Dodged            |    95 |    32 |    82 |   123 ||   332

Table legend: (Time is in decaauts)
 A = Elapsed time spent in this place.
 B = Non-inter-level travel time spent in this place.
 C = Inter-level travel time spent in this place.
 D = Time resting spent in this place.
 E = Time spent auto-exploring this place.
 F = Levels seen in this place.
 G = Mean time per level.
                   A        B        C        D        E       F      G
               +--------+--------+--------+--------+--------+-----+--------+
         Total |  11537 |  11054 |    483 |   2722 |   5860 |  11 | 1048.8 |
       Dungeon |  11537 |  11054 |    483 |   2722 |   5860 |  11 | 1048.8 |
               +--------+--------+--------+--------+--------+-----+--------+

Top non-repeatable levels by time:
     D:4: 1826 daAuts
     D:6: 1293 daAuts
     D:7: 1288 daAuts
     D:2: 1273 daAuts
     D:5: 1204 daAuts
     D:3: 1087 daAuts
     D:8: 1080 daAuts
    D:10: 954 daAuts
     D:1: 799 daAuts
     D:9: 564 daAuts
    D:11: 164 daAuts
